 Dungeon Crawl Stone Soup version 0.31-a0-640-g39d97e502b (webtiles) character file.

Game seed: 15527471343996799537

1773 soul19 the Fighter (level 8, -7/78 HPs)
             Began as a Green Draconian Chaos Knight on Aug 27, 2023.
             Was a Plaything of Xom.
             Drowned by Maggie the water nymph (glowing shapeshifter) (13 damage)
             ... on level 6 of the Dungeon.
             The game lasted 00:06:09 (4464 turns).

soul19 the Fighter (Green Draconian Chaos Knight)   Turns: 4464, Time: 00:06:10

Health: -7/78      AC:  8    Str: 17    XL:     8   Next: 80%
Magic:  8/8        EV: 13    Int: 13    God:    Xom [...*..]
Gold:   299        SH:  0    Dex:  8    Spells: 7/7 levels left

rFire   . . .        a - +1 spear (chaos)
rCold   . . .        (no shield)
rNeg    . . .        (body armour unavailable)
rPois   +            (helmet restricted)
rElec   .            (no cloak)
rCorr   .            m - +1 pair of gloves
SInv    .            (no boots)
Will    .....        (no amulet)
Stlth   +            (no ring)
HPRegen 1.13/turn    (no ring)
MPRegen 0.11/turn

%: no passive effects
@: very slow
A: breathe noxious fumes, AC +6, unfitting armour, poison resistance,
cold-blooded, talons 1, clumsy 1, regeneration 1
a: Breathe Noxious Fumes, Renounce Religion


You were on level 6 of the Dungeon.
You worshipped Xom.
You were a favourite toy of Xom.
You visited 1 branch of the dungeon, and saw 6 of its levels.

You collected 299 gold pieces.

Inventory:

Hand Weapons
 a - a +1 spear of chaos (weapon)
Armour
 m - a +1 pair of gloves (worn)
Jewellery
 h - the Hermit's Pendant {Faith Invo=14 Evo=0 MP+5}
   (You found it on level 6 of the Dungeon)

   [amulet of faith]

   Invo=14: It sets your Invocations skill to 14.
   Evo=0: It sets your Evocations skill to 0.
   Faith:     It allows you to gain divine favour quickly.
   MP+5:      It affects your magic capacity (+5).
Wands
 g - a wand of flame (19)
 n - a wand of polymorph (4)
Scrolls
 b - a scroll of butterflies
 i - a scroll of identify
 l - a scroll of poison {unknown}
Potions
 c - a potion of resistance
 d - a potion of might
 f - a potion of cancellation
 j - 2 potions of attraction
 k - a potion of lignification
 p - a potion of degeneration


   Skills:
 * Level 9.4 Fighting
 + Level 6.4 Polearms
 + Level 5.5 Dodging


You had 7 spell levels left.
You didn't know any spells.
Your spell library contained the following spells:

 Spells                   Type           Power      Damage    Failure   Level
 Freeze                   Ice            0%         1d3       30%         1
 Frozen Ramparts          Ice            0%         1d1       67%         3
 Hailstorm                Conj/Ice       0%         3d3       67%         3
 Stone Arrow              Conj/Erth      0%         3d7       67%         3
 Passage of Golubria      Tloc           0%         N/A       97%         4
 Alistair's Intoxication  Tmut/Pois      0%         N/A       100%        5
 Borgnjor's Vile Clutch   Necr/Erth      0%         N/A       100%        5
 Silence                  Hex/Air        0%         N/A       100%        5
 Eringya's Noxious Bog    Tmut/Pois      0%         4d6       100%        6
 Lehudib's Crystal Spear  Conj/Erth      0%         10d2      100%        8
 Animate Armour           Summ/Erth      Unusable   N/A       N/A         4

Dungeon Overview and Level Annotations

Branches:
Dungeon (6/15)
 Temple: D:4-7

Altars:
Nemelex Xobeh
Okawaru
Zin

Shops:
D:1 *:([

Annotations:
D:4 2 transporters, rvierbuc's ghost, amateur DsBe
D:6 Maggie


Innate Abilities, Weirdness & Mutations

You can breathe blasts of noxious fumes.
Your lurid green scales are hard. (AC +6)
You cannot fit into any form of body armour.
Your system is resistant to poisons. (rPois)
You are cold-blooded and may be slowed by cold attacks.
You have sharp toenails.
You are clumsy. (Dex -2)
Your natural rate of healing is unusually fast.


Message History

Okay, then.
Unknown command.
You barely miss Maggie.
Maggie is lightly wounded.
Maggie closely misses you. Maggie barely misses you.
You hit Maggie but do no damage.
Maggie the wolf spider changes into a glowing shapeshifter!
Maggie the glowing shapeshifter changes into a shining eye!
Unknown command.
Okay, then.
You feel much better.
Maggie the shining eye changes into a water nymph!
You closely miss Maggie. You barely miss Maggie. You claw Maggie!
Your tail-slap misses Maggie.
Maggie is lightly wounded.
Maggie touches you. Maggie drowns you!
You miss Maggie.
Maggie is lightly wounded.
Maggie touches you. Maggie drowns you!
Unknown command.
You closely miss Maggie. You claw Maggie!
Maggie is moderately wounded.
Maggie touches you! Maggie drowns you!
* * * LOW HITPOINT WARNING * * *
Splash!
You fall into the shallow water.
Moving in this stuff is going to be slow.
You hit Maggie.
Maggie suddenly seems more resistant.
You claw Maggie, but do no damage. You punch Maggie.
Maggie is heavily wounded.
Your unstable footing causes you to fumble your attack.
Maggie touches you.
* * * LOW HITPOINT WARNING * * *
Maggie drowns you!
* * * LOW HITPOINT WARNING * * *
You barely miss Maggie.
Maggie is heavily wounded.
Maggie touches you. Maggie drowns you!
You die...
Xom giggles madly!

#........#....
#........##...
#........##...
###########.##
####### #.# ##.....#
#.# #......# #.#
#......# #.# #.~@~#
### #.#
#.~m~####.#######.#
+.~~).............##
#....####.#######...
#....# #......#####
#....# #.####.# #
#....# #.# #.#####
#....# #.# #......
#.# #.#####


You could see Maggie the water nymph shaped shifter (resistant).

Vanquished Creatures
  A shining eye (shapeshifter) (D:5)
  A hornet (D:5)
  A raiju (D:4)
  A water moccasin (D:6)
  An ice beast (D:6)
  A kobold brigand (D:4)
  3 phantoms
  2 scorpions
  A jelly (D:5)
  An orc priest (D:4)
  2 hounds (D:4)
  An orc wizard (D:4)
  Robin (D:2)
  4 gnolls (D:5)
  8 adders
  A shadow imp (D:6)
  A white imp (D:5)
  2 worms
  6 dart slugs
  5 orcs
  10 endoplasms
  3 giant cockroaches
  12 goblins
  6 hobgoblins
  4 jackals
  26 kobolds
  4 quokkas
  4 ball pythons
  5 bats
  4 frilled lizards
  8 rats
130 creatures vanquished.

Vanquished Creatures (collateral kills)
  A kobold (D:4)
1 creature vanquished.

Vanquished Creatures (others)
  A dart slug (D:3)
  A goblin (D:2)
  A goblin zombie (D:2)
3 creatures vanquished.

Grand Total: 134 creatures vanquished

Notes
Turn   | Place    | Note
-------+----------+-------------------------------------------
     0 | D:1      | soul19 the Draconian Chaos Knight began the quest for the
                  | Orb.
     0 | D:1      | Reached XP level 1. HP: 19/19 MP: 1/1
   101 | D:1      | Reached XP level 2. HP: 26/26 MP: 2/2
   123 | D:1      | Found Susieps's Book Boutique.
   293 | D:1      | Found Menimiwo's Assorted Antiques.
   370 | D:1      | Found Cororu's Weapon Emporium.
   383 | D:1      | XOM: divination: detect creatures
   403 | D:1      | Reached XP level 3. HP: 33/33 MP: 3/3
   417 | D:1      | Reached skill level 4 in Fighting
   462 | D:1      | Found Deidwoch's Antique Armour Shop.
   485 | D:1      | XOM: silly message
   706 | D:2      | XOM: 3-stop teleportation journey
   707 | D:2      | XOM: divination: detect items
   821 | D:2      | Reached XP level 4. HP: 41/41 MP: 4/4
   825 | D:2      | Noticed Robin
   826 | D:2      | XOM: potion effect (invisibility)
   830 | D:2      | XOM: polymorph goblin -> rat
   851 | D:2      | Killed Robin
  1245 | D:3      | Noticed a scorpion
  1253 | D:3      | Killed a scorpion
  1254 | D:3      | Reached skill level 5 in Fighting
  1254 | D:3      | Reached XP level 5. HP: 19/48 MP: 5/5
  1364 | D:3      | XOM: polymorph adder -> giant cockroach
  1524 | D:3      | XOM: 5-stop teleportation journey
  1642 | D:3      | XOM: stat loss: -1 Dex (9/10)
  1711 | D:3      | XOM: give mutations
  1711 | D:3      | Gained mutation: You are clumsy. (Dex -2) [Xom's mischief]
  1711 | D:3      | Gained mutation: Your natural rate of healing is unusually
                  | fast. [Xom's mischief]
  1711 | D:3      | Gained mutation: You have sharp toenails. [Xom's mischief]
  1790 | D:4      | XOM: summons 5 friendly demons
  1809 | D:4      | Reached XP level 6. HP: 40/57 MP: 6/6
  1879 | D:4      | XOM: noise
  1883 | D:4      | XOM: noise
  1892 | D:4      | Reached skill level 6 in Fighting
  2178 | D:4      | Noticed rvierbuc's ghost (amateur DsBe)
  2179 | D:4      | Found a transporter.
  2179 | D:4      | Identified the +9 dire flail of Fortitude {drain, +Blink
                  | rN+}
  2184 | D:4      | Found a transporter.
  2356 | D:4      | a black bear changed into a raiju
  2356 | D:4      | Noticed a raiju
  2356 | D:4      | XOM: polymorph black bear -> raiju
  2365 | D:4      | XOM: confusion
  2367 | D:4      | XOM: chaos cloud
  2375 | D:4      | XOM: smoke on damage
  2376 | D:4      | Killed a raiju
  2377 | D:4      | Your scales start taking on a lurid green colour.
  2377 | D:4      | Reached XP level 7. HP: 5/64 MP: 7/7
  2377 | D:4      | Gained mutation: Your system is resistant to poisons.
                  | (rPois) [Green Draconian growth]
  3038 | D:3      | Found a faded altar of an unknown god.
  3042 | D:3      | Found a glowing silver altar of Zin.
  3155 | D:5      | XOM: noise
  3155 | D:5      | Entered Level 5 of the Dungeon
  3211 | D:5      | Reached skill level 7 in Fighting
  3231 | D:5      | XOM: 1-stop teleportation journey
  3245 | D:5      | Reached skill level 5 in Polearms
  3296 | D:5      | a scorpion changed into a glowing shapeshifter
  3296 | D:5      | Noticed a glowing shapeshifter (glowing shapeshifter)
  3296 | D:5      | a glowing shapeshifter changed into a two-headed ogre
  3296 | D:5      | Noticed a two-headed ogre (glowing shapeshifter)
  3297 | D:5      | a two-headed ogre changed into a floating eye
  3300 | D:5      | a floating eye changed into a shining eye
  3300 | D:5      | Noticed a shining eye (glowing shapeshifter)
  3303 | D:5      | Killed a shining eye
  3304 | D:5      | Reached skill level 8 in Fighting
  3304 | D:5      | Reached XP level 8. HP: 74/74 MP: 8/8
  3373 | D:5      | Found an iron altar of Okawaru.
  3373 | D:5      | Noticed a hornet
  3375 | D:5      | XOM: potion effect (invisibility)
  3394 | D:5      | HP: 2/74 [hornet (10)]
  3398 | D:5      | Killed a hornet
  3399 | D:5      | Reached skill level 5 in Dodging
  3483 | D:5      | XOM: silly message
  3496 | D:5      | XOM: cast spell 'Olgreb's Toxic Radiance'
  3778 | D:5      | Found a sparkling altar of Nemelex Xobeh.
  4062 | D:6      | Found the Hermit's Pendant {Faith Invo=14 Evo=0 MP+5}
  4068 | D:6      | Reached skill level 9 in Fighting
  4278 | D:6      | XOM: potion effect (might)
  4445 | D:6      | Noticed Maggie
  4451 | D:6      | Maggie changed into Maggie the glowing shapeshifter
  4451 | D:6      | Noticed Maggie (glowing shapeshifter)
  4452 | D:6      | Maggie the glowing shapeshifter changed into Maggie the
                  | wolf spider
  4452 | D:6      | Noticed Maggie (glowing shapeshifter)
  4456 | D:6      | Maggie the wolf spider changed into Maggie the glowing
                  | shapeshifter
  4456 | D:6      | Noticed Maggie (glowing shapeshifter)
  4456 | D:6      | Maggie the glowing shapeshifter changed into Maggie the
                  | shining eye
  4456 | D:6      | Noticed Maggie (glowing shapeshifter)
  4457 | D:6      | Maggie the shining eye changed into Maggie the water nymph
  4457 | D:6      | Noticed Maggie (glowing shapeshifter)
  4464 | D:6      | Drowned by Maggie the water nymph (glowing shapeshifter)

Illustrated notes

Levels and vault maps discovered:
D:1:      saegor_arrival_simple_d, layout_basic, serial_shops,
          nicolae_shop_advertising_works [nicolae_subvault_shop_adworks],
          nicolae_shop_bloodbath_and_beyond, nicolae_shop_just_a_little_nook,
          nicolae_shop_hallway_plus
D:2:      layout_rooms, nrook_mini_vaults, serial_bayou_pond_b, uniq_robin
D:3:      layout_rooms, nicolae_overflow_ecumenical_swirl
D:4:      kennysheep_kobold_camp, layout_loops_corners,
          nicolae_overflow_hidden_temple, gammafunk_ghost_smash,
          chequers_mini_garden, grunt_ministairs_2
D:5:      layout_basic, kennysheep_little_box, okawaru_gym_becter
D:6:      layout_basic, lightli_temple_of_fire, serial_shops,
          nicolae_lakefront_shop, nicolae_custom_books,
          nicolae_underground_beach, uniq_maggie

Skill      XL: |  1  2  3  4  5  6  7  8 |
---------------+-------------------------+-----
Fighting       | 4 5 6 8 9 |  9.4
Dodging        | 3 4 5 |  5.5
Polearms       | 4 5 6 |  6.4

Action                     |  1- 3 |  4- 6 |  7- 9 || total
---------------------------+-------+-------+-------++-------
  Melee: Spear             |   131 |   184 |   124 ||   439
         Tailslap          |    10 |    17 |    10 ||    37
         Punch             |     1 |     2 |     2 ||     5
         Kick              |       |    19 |    24 ||    43
    Use: Scroll            |     3 |       |    10 ||    13
         Potion            |       |       |     1 ||     1
   Stab: Invisible         |       |     3 |     5 ||     8
         Distracted        |       |     1 |       ||     1
         Confused          |       |       |     1 ||     1
 Armour: Skin              |    26 |    48 |    25 ||    99
  Dodge: Dodged            |    53 |    75 |    52 ||   180

Table legend: (Time is in decaauts)
 A = Elapsed time spent in this place.
 B = Non-inter-level travel time spent in this place.
 C = Inter-level travel time spent in this place.
 D = Time resting spent in this place.
 E = Time spent auto-exploring this place.
 F = Levels seen in this place.
 G = Mean time per level.
                   A        B        C        D        E       F      G
               +--------+--------+--------+--------+--------+-----+--------+
         Total |   4425 |   4202 |    223 |    140 |   3250 |   6 |  737.5 |
       Dungeon |   4425 |   4202 |    223 |    140 |   3250 |   6 |  737.5 |
               +--------+--------+--------+--------+--------+-----+--------+

Top non-repeatable levels by time:
     D:4: 1303 daAuts
     D:5: 890 daAuts
     D:3: 665 daAuts
     D:1: 648 daAuts
     D:2: 518 daAuts
     D:6: 399 daAuts
